 Dungeon Crawl Stone Soup version 0.29.0-7-g18a832c13a (webtiles) character file.

Game seed: 9631070596826738181

185 tilp the Vexing (level 5, -4/41 HPs)
             Began as a Gnoll Arcane Marksman on Aug 31, 2022.
             Slain by a black bear (5 damage)
             ... on level 3 of the Dungeon on Sept 1, 2022.
             The game lasted 00:05:09 (2111 turns).

tilp the Vexing (Gnoll Arcane Marksman)             Turns: 2111, Time: 00:05:10

Health: -4/41      AC:  7    Str: 12    XL:     5   Next: 64%
Magic:  9/9        EV: 13    Int: 12    God:
Gold:   107        SH:  0    Dex: 12    Spells: 9/10 levels left

rFire   . . .      SeeInvis .   a - +2 sling
rCold   . . .      Faith    .   (no shield)
rNeg    . . .      Spirit   .   c - +0 robe
rPois   .          Reflect  .   (no helmet)
rElec   .          Harm     .   (no cloak)
rCorr   .          Rampage  .   m - +0 pair of gloves
Will    .....                   (no boots)
Stlth   ++........              (no amulet)
HPRegen 0.13/turn               f - +4 ring of protection
MPRegen 0.11/turn               (no ring)

@: no status effects
A: fangs 1, strong nose, distributed training
a: no special abilities


You were on level 3 of the Dungeon.
You visited 1 branch of the dungeon, and saw 4 of its levels.

You collected 107 gold pieces.

Inventory:

Hand Weapons
 a - a +2 sling (weapon)
 b - a +1 dagger of freezing
Missiles
 l - 17 stones
 o - 5 javelins
Armour
 c - a +0 robe (worn)
 m - a +0 pair of gloves (worn)
Jewellery
 f - a +4 ring of protection (left hand)
Scrolls
 e - 2 scrolls of vulnerability
 h - 2 scrolls of teleportation
Potions
 g - a potion of attraction {unknown}
 i - a potion of flight
 j - 2 potions of lignification
 k - a potion of degeneration {unknown}


   Skills:
 + Level 3.1 Fighting
 + Level 1.6 Short Blades
 + Level 1.6 Long Blades
 + Level 1.6 Axes
 + Level 1.6 Maces & Flails
 + Level 1.6 Polearms
 + Level 1.6 Staves
 + Level 4.8 Ranged Weapons
 + Level 1.6 Throwing
 + Level 1.6 Armour
 + Level 4.8 Dodging
 + Level 1.6 Stealth
 + Level 1.6 Shields
 + Level 1.6 Unarmed Combat
 + Level 3.2 Spellcasting
 + Level 1.3 Conjurations
 + Level 5.6 Hexes
 + Level 1.3 Summonings
 + Level 1.3 Necromancy
 + Level 1.3 Translocations
 + Level 1.3 Transmutations
 + Level 1.3 Fire Magic
 + Level 1.3 Ice Magic
 + Level 1.3 Air Magic
 + Level 1.3 Earth Magic
 + Level 1.3 Poison Magic
 + Level 1.9 Invocations
 + Level 1.6 Evocations


You had 9 spell levels left.
You knew the following spells:

 Your Spells              Type           Power      Damage    Failure   Level
a - Slow                  Hex            60%        N/A       2%          1

Your spell library contained the following spells:

 Spells                   Type           Power      Damage    Failure   Level
 Inner Flame              Hex/Fire       10%        N/A       17%         3
 Portal Projectile        Hex/Tloc       20%        N/A       17%         3
 Cause Fear               Hex            7%         N/A       24%         4
 Frozen Ramparts          Ice            10%        1d2       38%         3
 Ice Form                 Ice/Tmut       5%         N/A       80%         4
 Summon Ice Beast         Ice/Summ       5%         N/A       80%         4


Dungeon Overview and Level Annotations

Branches:
Dungeon (4/15)
 Temple: D:4-7

Altars:
Cheibriados
Makhleb


Innate Abilities, Weirdness & Mutations

You have very sharp teeth.
Your uncanny sense of smell can sniff out nearby items.
Your experience applies equally to all skills.


Message History

The black bear barely misses you.
The black bear claws you but does no damage.
The black bear completely misses you. The black bear bites you.
* * * LOW HITPOINT WARNING * * *
The black bear barely misses you. The black bear claws you.
* * * LOW HITPOINT WARNING * * *
Fire: a) +2 sling
Press: ? - help, Q - select action, (/) - cycle Shift-Dir - straight line, f/p - black bear
Aim: a black bear (heavily wounded, 68% to hit)
You shoot a sling bullet.
The sling bullet barely misses the black bear.
The black bear bites you.
* * * LOW HITPOINT WARNING * * *
The black bear closely misses you. x2
Fire: a) +2 sling
Press: ? - help, Q - select action, (/) - cycle Shift-Dir - straight line, f/p - black bear
Aim: a black bear (heavily wounded, 68% to hit)
You shoot a sling bullet. The sling bullet hits the black bear.
The black bear is severely wounded.
The black bear misses you. The black bear barely misses you. x2
Fire: a) +2 sling
Press: ? - help, Q - select action, (/) - cycle Shift-Dir - straight line, f/p - black bear
Aim: a black bear (severely wounded, 68% to hit)
You shoot a sling bullet. The sling bullet hits the black bear!
The black bear is almost dead.
The black bear goes berserk!
Fire: a) +2 sling
Press: ? - help, Q - select action, (/) - cycle Shift-Dir - straight line, f/p - black bear
Aim: a black bear (almost dead, berserk, 68% to hit)
You shoot a sling bullet. The sling bullet hits the black bear.
The black bear is almost dead.
The black bear bites you.
* * * LOW HITPOINT WARNING * * *
The black bear claws you.
* * * LOW HITPOINT WARNING * * *
The black bear claws you but does no damage.
The black bear bites you.
* * * LOW HITPOINT WARNING * * *
The black bear barely misses you. The black bear claws you.
You die...

.......##.##....#.#.......#
####...8...#._..#.#....##.#
......)....#..(.#....<..#
####.......#....#.#.....###
#....8...#._..#...........
##.#.##.##....#.#########.#
####'#..### ⌠.⌠.#........
....)....#######h.#######
................@.######
.......###..#............
.......# ##.#....########
.......# #)#...........
.......# #)#<...#######
.......####.#.#.#.)...
.......+..............
.......####[#.#.#.####
#.#...#...


You could see a black bear (berserk).

Vanquished Creatures
  2 orc wizards (D:3)
  Jessica (D:2)
  A gnoll (D:1)
  2 adders
  A worm (D:2)
  3 orcs (D:3)
  4 bats
  2 endoplasms (D:1)
  3 giant cockroaches
  10 goblins
  6 hobgoblins
  12 jackals (D:2)
  6 quokkas
  6 ball pythons (D:2)
  2 frilled lizards
  A kobold (D:2)
  6 rats
68 creatures vanquished.

Notes
Turn   | Place    | Note
-------+----------+-------------------------------------------
     0 | D:1      | tilp the Gnoll Arcane Marksman began the quest for the Orb.
     0 | D:1      | Reached XP level 1. HP: 17/17 MP: 4/4
   274 | D:1      | Reached XP level 2. HP: 23/23 MP: 5/5
   332 | D:1      | Found a faded altar of an unknown god.
   347 | D:1      | Reached XP level 3. HP: 28/28 MP: 7/7
   786 | D:1      | Reached skill level 1 in Invocations
  1090 | D:2      | Reached skill level 1 in Short Blades
  1090 | D:2      | Reached skill level 1 in Long Blades
  1090 | D:2      | Reached skill level 1 in Axes
  1090 | D:2      | Reached skill level 1 in Maces & Flails
  1090 | D:2      | Reached skill level 1 in Polearms
  1090 | D:2      | Reached skill level 1 in Staves
  1090 | D:2      | Reached skill level 1 in Throwing
  1090 | D:2      | Reached skill level 1 in Armour
  1090 | D:2      | Reached skill level 1 in Stealth
  1090 | D:2      | Reached skill level 1 in Shields
  1090 | D:2      | Reached skill level 1 in Unarmed Combat
  1090 | D:2      | Reached skill level 1 in Evocations
  1152 | D:2      | Reached XP level 4. HP: 29/34 MP: 8/8
  1391 | D:2      | You fall into a shaft and drop 2 floors!
  1407 | D:4      | Reached skill level 1 in Conjurations
  1407 | D:4      | Reached skill level 1 in Summonings
  1407 | D:4      | Reached skill level 1 in Necromancy
  1407 | D:4      | Reached skill level 1 in Translocations
  1407 | D:4      | Reached skill level 1 in Transmutations
  1407 | D:4      | Reached skill level 1 in Fire Magic
  1407 | D:4      | Reached skill level 1 in Ice Magic
  1407 | D:4      | Reached skill level 1 in Air Magic
  1407 | D:4      | Reached skill level 1 in Earth Magic
  1407 | D:4      | Reached skill level 1 in Poison Magic
  1472 | D:3      | Found a snail-covered altar of Cheibriados.
  1472 | D:3      | Noticed a black bear
  1481 | D:3      | Found a burning altar of Makhleb.
  1541 | D:3      | Reached XP level 5. HP: 24/40 MP: 9/9
  1864 | D:2      | Noticed Jessica
  1866 | D:2      | Killed Jessica
  2111 | D:3      | HP: 2/41 [black bear (2)]
  2111 | D:3      | Slain by a black bear

Illustrated notes

Levels and vault maps discovered:
D:1:      reono_arrival_forest_river, layout_basic,
          ebering_ecumenical_altar_rust
D:2:      layout_loops_cross, uniq_jessica
D:3:      layout_basic, jmf_multi_god_temple, uniq_robin
D:4:      layout_cave_pools, amcnicky_altar_gilded

Skill      XL: |  1  2  3  4  5 |
---------------+----------------+-----
Invocations    | 1 |  1.9
Short Blades   | 1 |  1.6
Long Blades    | 1 |  1.6
Axes           | 1 |  1.6
Maces & Flails | 1 |  1.6
Polearms       | 1 |  1.6
Staves         | 1 |  1.6
Throwing       | 1 |  1.6
Armour         | 1 |  1.6
Stealth        | 1 |  1.6
Shields        | 1 |  1.6
Unarmed Combat | 1 |  1.6
Evocations     | 1 |  1.6
Spellcasting   | 3 |  3.2
Conjurations   | 1 |  1.3
Summonings     | 1 |  1.3
Necromancy     | 1 |  1.3
Translocations | 1 |  1.3
Transmutations | 1 |  1.3
Fire Magic     | 1 |  1.3
Ice Magic      | 1 |  1.3
Air Magic      | 1 |  1.3
Earth Magic    | 1 |  1.3
Poison Magic   | 1 |  1.3
Fighting       | 3 |  3.1
Ranged Weapons | |  4.8
Dodging        | |  4.8
Hexes          | |  5.6

Action                   |  1- 3 |  4- 6 || total
-------------------------+-------+-------++-------
Melee: Sling             |       |     1 ||     1
       Dagger            |       |     5 ||     5
       Bite              |       |     1 ||     1
 Fire: Sling             |   107 |   133 ||   240
Throw: Javelin           |       |     3 ||     3
 Cast: Slow              |     1 |       ||     1
  Use: Scroll            |     4 |     3 ||     7
       Potion            |       |     2 ||     2
Armor: Robe              |    14 |    50 ||    64
Dodge: Dodged            |    46 |    90 ||   136
